 Dungeon Crawl Stone Soup version 0.19.5 (webtiles) character file.

5019 Azzok the Geomancer (level 10, -4/75 HPs)
             Began as a Deep Dwarf Earth Elementalist on July 10, 2017.
             Was a Believer of Makhleb.
             Slain by a troll (6 damage)
             ... on level 9 of the Dungeon.
             The game lasted 00:30:04 (9179 turns).

Azzok the Geomancer (Deep Dwarf Earth Elementalist) Turns: 9179, Time: 00:30:05

Health: -4/75      AC:  6    Str: 12    XL:     10   Next: 30%
Magic:  8/19       EV: 12    Int: 19    God:    Makhleb [**....]
Gold:   480        SH:  0    Dex: 13    Spells: 5 memorised, 6 levels left

rFire  . . .     SeeInvis .     b - 184 stones
rCold  . . .     Gourm    .     c - +0 robe
rNeg   . . .     Faith    .     (no shield)
rPois  +         Spirit   .     g - +0 helmet
rElec  .         Reflect  .     O - +0 cloak
rCorr  .         Harm     .     k - +1 pair of gloves
MR     +....                    (no boots)
Stlth  ++........               (no amulet)
                                l - ring of wizardry
                                A - ring of poison resistance

@: non-regenerating
A: damage resistance, recharge devices, sense surroundings 2, slow regeneration
3
a: Device Recharging, Minor Destruction, Renounce Religion


You were on level 9 of the Dungeon.
You worshipped Makhleb.
Makhleb was pleased with you.
You were not hungry.

You visited 2 branches of the dungeon, and saw 10 of its levels.

You collected 480 gold pieces.

Inventory:

Hand Weapons
 a - a +3 quarterstaff of chaos
Missiles
 b - 184 stones (in hand)
Armour
 c - a +0 robe (worn)
 g - a +0 helmet (worn)
 k - a +1 pair of gloves (worn)
 O - a +0 cloak (worn)
Rods
 J - a +0 lightning rod (11/11)
   (You found it on level 7 of the Dungeon)
Jewellery
 l - a ring of wizardry (right hand)
 A - a ring of poison resistance (left hand)
 Q - an uncursed ring of fire
Wands
 d - a wand of heal wounds (3/9)
Scrolls
 i - 4 scrolls of teleportation
 j - 2 scrolls of magic mapping
 n - 3 scrolls of blinking
 t - 4 scrolls of remove curse
 w - 2 scrolls of fear
 y - 3 scrolls of fog {unknown}
 z - a scroll of enchant armour {unknown}
 B - a scroll of random uselessness {unknown}
 C - 2 scrolls of enchant weapon {unknown}
 K - a scroll of noise {unknown}
 L - a scroll of recharging
Potions
 h - 3 potions of curing {unknown}
 m - 6 potions of degeneration {unknown}
 o - 3 potions of cancellation {unknown}
 p - 2 potions of brilliance {unknown}
 r - a potion of flight {unknown}
 s - a potion of agility
 v - a potion of heal wounds {unknown}
 x - 2 potions of haste
 D - a potion of resistance {unknown}
 F - a potion of might {unknown}
 H - a potion of magic {unknown}
 I - a potion of lignification {unknown}
 P - a potion of mutation {unknown}
Books
 e - a book of Geomancy

   Spells                             Type                      Level
   a - Sandblast                      Earth                        1
   b - Passwall                       Transmutation/Earth          2
   c - Stone Arrow                    Conjuration/Earth            3
   d - Petrify                        Transmutation/Earth          4
   e - Lee's Rapid Deconstruction     Earth                        5
Comestibles
 f - 13 bread rations {@e1}
 q - 4 meat rations {@e2}
 E - 2 beef jerkies
 G - 2 slices of pizza


   Skills:
 - Level 2.1 Dodging
 - Level 2.4 Stealth
 + Level 6.2 Spellcasting
 + Level 6.2 Conjurations
 - Level 0.8 Transmutations
 * Level 14.7 Earth Magic


You had 6 spell levels left.
You knew the following spells:

 Your Spells              Type           Power        Failure   Level  Hunger
a - Sandblast             Erth           ######       1%          1    None
b - Stone Arrow           Conj/Erth      #####.       1%          3    ##.....
c - Lee's Rapid Deconstr  Erth           ######....   1%          5    #####..
d - Passwall              Tmut/Erth      #####.....   1%          2    None
e - Petrify               Tmut/Erth      #####...     2%          4    ####...


Dungeon Overview and Level Annotations

Branches:
Dungeon (9/15)             Temple (1/1) D:5            Lair (0/6) D:9
    Orc: D:9-12

Altars:
Cheibriados
Elyvilon
Gozag
Hepliaklqana
Makhleb
Okawaru
Qazlal
Ru
Sif Muna
Uskayaw
Vehumet
Zin
The Shining One

Shops:
D:4 :

Annotations:
D:4 PeterLawrence's ghost, amateur MiFi
D:5 p0werm0de's ghost, novice HECK
D:7 Prince Ribbit


Innate Abilities, Weirdness & Mutations

You are resistant to damage.
You can recharge devices by infusing magical energy.
You passively map the area around you.
You do not regenerate.


Message History

The troll is severely wounded.
The troll bites you!
* * * LOW HITPOINT WARNING * * *
The troll claws you!
* * * LOW HITPOINT WARNING * * *
The troll closely misses you.
You take 11 damage, and have 14/75 hp.
Casting: Sandblast
Confirm with . or Enter, or press ? or * to list all spells.
Aiming: Sandblast
Press: ? - help, Shift-Dir - straight line, f/p - troll
Aim: a troll (severely wounded)
The rocky blast misses the troll.
The rocky blast hits the phantom.
The phantom is heavily damaged.
The troll bites you!
* * * LOW HITPOINT WARNING * * *
The troll claws you.
* * * LOW HITPOINT WARNING * * *
The troll claws you!
You die...

░◦········▒·········▒······▒
░ ····▒▒'·▒········▒▒······▒
·▒▒▒▒·····▒▒▒▒···▒·······▒ ░
░·········▒▒·▒▒▒·······▒ ░
··········▒▒▒·········▒ ░
·P···············>····▒ ◦
····>·················▒ ◦
··········)(········>·▒ ░ ◦
·P·····P·(▒@▒▒▒▒▒▒····· ░
·······s(▒▒T▒ ·····◦
▒▒·····▒▒▒▒W▒ ····· ◦
·K▒·······†·▒ ·· ░ '◦
▒·········▒ ░ ·'·········▒ ░
◦ ◦··▒···W····)▒░ ░
◦·◦▒··········· < ░
◦◦▒·▒▒▒'▒▒▒╬▒··· ◦


You could see a troll and a phantom.

Vanquished Creatures
  An elephant (D:9)
  2 centaur skeletons (D:8)
  A spriggan (D:7)
  6 yaks
  3 wyverns (D:8)
  Menkaure (D:7)
  2 ice beasts
  3 orc warriors
  A necrophage (D:9)
  3 ogres
  3 centaurs
  3 crocodiles (D:9)
  A big kobold (D:9)
  4 bullfrogs
  3 scorpions
  4 crimson imps
  2 jellies
  Crazy Yiuf (D:7)
  3 orc priests
  4 hounds
  10 orc wizards
  An iguana (D:9)
  2 worker ants
  3 gnolls (D:7)
  11 adders
  A shadow imp (D:5)
  An ooze (D:3)
  2 adder skeletons
  An adder zombie (D:8)
  4 worms
  7 leopard geckos
  27 orcs
  7 bats
  2 giant cockroaches
  7 goblins
  8 hobgoblins
  19 jackals
  8 kobolds
  7 quokkas
  2 ball pythons (D:2)
  6 frilled lizards
  2 leopard gecko skeletons
  A quokka zombie (D:5)
  10 rats
200 creatures vanquished.

Vanquished Creatures (others)
  A kobold (D:9)
1 creature vanquished.

Grand Total: 201 creatures vanquished

Notes
Turn   | Place    | Note
-------+----------+-------------------------------------------
     0 | D:1      | Azzok the Deep Dwarf Earth Elementalist began the quest for the Orb.
     0 | D:1      | Reached XP level 1. HP: 15/15 MP: 3/3
   231 | D:1      | Reached XP level 2. HP: 17/22 MP: 1/4
   388 | D:1      | Reached skill level 5 in Earth Magic
   882 | D:1      | Reached XP level 3. HP: 21/28 MP: 3/5
   887 | D:1      | Learned a level 3 spell: Stone Arrow
  1463 | D:2      | Reached skill level 6 in Earth Magic
  1601 | D:2      | Found an opulent altar of Gozag.
  2059 | D:1      | HP: 1/28 [worm (7)]
  2194 | D:2      | Reached XP level 4. HP: 31/36 MP: 0/6
  2572 | D:2      | Found a glowing golden altar of the Shining One.
  2572 | D:2      | Found a hazy altar of Hepliaklqana.
  2698 | D:3      | Noticed a centaur
  2701 | D:3      | Killed a centaur
  2701 | D:3      | Reached skill level 7 in Earth Magic
  2701 | D:3      | Reached XP level 5. HP: 31/42 MP: 3/7
  2986 | D:3      | Found an iron altar of Okawaru.
  3067 | D:3      | Reached skill level 8 in Earth Magic
  3281 | D:3      | Found a snail-covered altar of Cheibriados.
  3792 | D:4      | Noticed PeterLawrence's ghost (amateur MiFi)
  3843 | D:4      | Noticed an ogre
  3852 | D:4      | Killed an ogre
  3852 | D:4      | Reached XP level 6. HP: 30/49 MP: 5/9
  3859 | D:4      | Learned a level 5 spell: Lee's Rapid Deconstruction
  3900 | D:4      | Found Errouth's Book Shop.
  4095 | D:4      | Found a sacrificial altar of Ru.
  4158 | D:4      | Reached skill level 1 in Conjurations
  4158 | D:4      | Reached skill level 9 in Earth Magic
  4202 | D:4      | Noticed an orc warrior
  4229 | D:5      | Entered Level 5 of the Dungeon
  4337 | D:5      | Reached XP level 7. HP: 20/55 MP: 6/11
  4426 | D:5      | Noticed p0werm0de's ghost (novice HECK)
  4628 | D:5      | Found a staircase to the Ecumenical Temple.
  4636 | Temple   | Entered the Ecumenical Temple
  4665 | Temple   | Became a worshipper of Makhleb the Destroyer
  4774 | D:5      | Reached skill level 10 in Earth Magic
  5745 | D:4      | Reached * piety under Makhleb
  5745 | D:4      | Reached XP level 8. HP: 30/62 MP: 1/13
  6168 | D:7      | Reached skill level 11 in Earth Magic
  6284 | D:7      | Noticed Menkaure
  6416 | D:7      | Killed Menkaure
  6929 | D:7      | Found a runed door.
  6965 | D:7      | Noticed Crazy Yiuf
  6968 | D:7      | Killed Crazy Yiuf
  7056 | D:7      | Noticed Prince Ribbit
  7063 | D:7      | Reached skill level 12 in Earth Magic
  7200 | D:7      | Gained mutation: You passively map the area around you. [Deep Dwarf growth]
  7200 | D:7      | Reached XP level 9. HP: 49/68 MP: 2/15
  7244 | D:7      | Learned a level 2 spell: Passwall
  7249 | D:7      | Learned a level 4 spell: Petrify
  7656 | D:8      | Reached ** piety under Makhleb
  7751 | D:8      | Reached skill level 5 in Spellcasting
  7934 | D:8      | Reached skill level 5 in Conjurations
  7934 | D:8      | Reached skill level 13 in Earth Magic
  8462 | D:9      | Found a stormy altar of Qazlal.
  8574 | D:9      | Noticed an elephant
  8626 | D:9      | Found a staircase to the Lair.
  8651 | D:9      | Killed an elephant
  8651 | D:9      | Reached skill level 14 in Earth Magic
  8651 | D:9      | Reached XP level 10. HP: 42/75 MP: 1/18
  9179 | D:9      | HP: 2/75 [troll (4)]
  9179 | D:9      | Slain by a troll

Skill      XL: |  1  2  3  4  5  6  7  8  9 10 |
---------------+-------------------------------+-----
Earth Magic    | 5 6 7 8 9 10 12 14 | 14.7
Spellcasting   | 2 3 4 5 6 |  6.2
Conjurations   | 1 3 4 5 6 |  6.2
Dodging        | |  2.1
Stealth        | |  2.4
Transmutations | |  0.8

Action                   |  1- 3 |  4- 6 |  7- 9 | 10-12 || total
-------------------------+-------+-------+-------+-------++-------
Melee: Dagger            |    33 |     5 |       |       ||    38
       Short sword       |       |    20 |    14 |       ||    34
       Quarterstaff      |       |       |     4 |       ||     4
 Cast: Sandblast         |    94 |    81 |   151 |    15 ||   341
       Stone Arrow       |     3 |     2 |    40 |    12 ||    57
       Lee's Rapid Decon |       |       |     9 |     4 ||    13
       Petrify           |       |       |     1 |       ||     1
Evoke: Wand              |     1 |       |     6 |       ||     7
       Rod               |       |       |     6 |     1 ||     7
  Use: Scroll            |       |       |     7 |       ||     7
  Eat: Chunk             |     6 |     9 |    19 |     3 ||    37
Armor: Robe              |    24 |    16 |    19 |     4 ||    63
Dodge: Dodged            |    58 |    41 |    54 |    14 ||   167
